Map: 필러스 오브 골드 - 래더

Players

llllllllllll (Billowy)

  • Race: Protoss Protoss
  • League: Grandmaster
  • Spawn Location: 7:00

Stats - Winner!

  • Race: Protoss Protoss
  • League: Grandmaster
  • Spawn Location: 1:00

VOD

Have the link to the VOD?

Description

Time

  • Played on: Sept. 15, 2020, 7:20 a.m.
  • Length: 10:15
Show
View Real Time Build Order
Export as new Build Order

llllllllllll Protoss 

Build Orders: Oracle Opening 

Get SALT Encoding   

  12  0:00  Probe  
  13  0:12  Probe  
  14  0:17  Pylon  
  14  0:24  Probe (Chrono Boost)  
  15  0:36  Probe (Chrono Boost)  
  15  0:39  Gateway  
  16  0:45  Probe (Chrono Boost)  
  16  0:47  Assimilator  
  17  0:51  Probe  
  18  1:03  Probe (Chrono Boost)  
  19  1:04  Assimilator  
  20  1:12  Probe (Chrono Boost)  
  20  1:13  Gateway  
  20  1:17  Probe (Chrono Boost)  
  21  1:28  Cybernetics Core  
  21  1:30  Probe  
  22  1:41  Pylon  
  22  1:44  Probe  
  23  1:59  Probe  
  24  2:05  Warp Gate, Adept x2  
  28  2:11  Probe  
  28  2:13  Pylon  
  29  2:28  Stargate  
  29  2:38  Pylon  
  29  2:40  Pylon  
  28  2:49  Stalker  
  28  2:50  Stalker  
  32  2:57  Probe  
  33  3:10  Oracle (Chrono Boost)  
  33  3:18  Nexus  
  34  3:26  Probe  
  35  3:33  Adept  
  37  3:37  Pylon  
  37  3:38  Probe  
  38  3:50  Probe  
  38  3:51  Twilight Council  
  39  3:59  Adept  
  39  4:02  Probe  
  42  4:11  Adept  
  42  4:14  Probe  
  45  4:27  Blink (Chrono Boost), Probe (Chrono Boost)  
  43  4:31  Probe (Chrono Boost)  
  45  4:39  Probe (Chrono Boost)  
  45  4:41  Probe (Chrono Boost)  
  45  4:43  Probe (Chrono Boost)  
  47  4:46  Probe (Chrono Boost)  
  48  4:53  Probe  
  48  4:58  Probe  
  44  5:01  Stalker x2  
  44  5:05  Probe  
  44  5:13  Probe  
  44  5:18  Probe  
  45  5:23  Shield Battery  
  45  5:24  Stalker x2  
  45  5:26  Probe  
  50  5:30  Probe  
  51  5:36  Nexus  
  51  5:38  Probe  
  51  5:42  Probe  
  53  5:50  Stalker x2, Probe  
  58  6:02  Pylon  
  58  6:07  Gateway  
  58  6:08  Gateway  
  58  6:09  Gateway, Probe  
  58  6:10  Assimilator, Probe  
  60  6:15  Sentry  
  62  6:19  Pylon  
  62  6:21  Sentry  
  62  6:22  Probe x2  
  64  6:34  Probe  
  64  6:35  Probe  
  64  6:36  Robotics Facility  
  64  6:37  Gateway  
  66  6:46  Probe  
  68  6:47  Probe  
  68  6:49  Stalker x2  
  67  7:01  Probe  
  67  7:02  Probe x2  
  67  7:09  Stalker x3  
  60  7:23  Sentry x2  
  60  7:25  Probe x3  
  60  7:29  Shield Battery  
  67  7:31  Shield Battery  
  67  7:32  Stalker  
  67  7:33  Shield Battery  
  69  7:37  Probe x3  
  69  7:39  Stalker  
  69  7:40  Pylon  
  69  7:43  Stalker  
  76  7:44  Zealot  
  76  7:50  Stalker  
  80  7:54  Stalker  
  80  7:56  Probe x3  
  85  8:06  Warp Prism (Chrono Boost)  
  87  8:13  Stalker x3  
  87  8:17  Pylon  
  93  8:20  Adept x2  
  93  8:26  Assimilator  
  97  8:28  Assimilator  
  97  8:38  Observer  
  97  8:39  Stalker  
  100  8:43  Stalker  
  100  8:46  Pylon  
  102  8:50  Pylon  
  102  8:53  Stalker x2  
  106  8:55  Probe  
  106  8:56  Probe x2  
  106  8:58  Assimilator  
  109  9:05  Warp Prism (Chrono Boost)  
  109  9:09  Gateway  
  109  9:19  Stalker x6  
  117  9:32  Robotics Bay  
  117  9:43  Probe  
  117  9:44  Probe x2  
  114  9:57  Stalker x6  
  108  10:09  Stalker  
Show
View Real Time Build Order
Export as new Build Order

Stats Protoss - Winner!

Build Orders: 1 Gate Expand, Oracle Opening 

Get SALT Encoding   

  12  0:00  Probe  
  13  0:12  Probe  
  14  0:19  Pylon  
  14  0:24  Probe  
  15  0:37  Probe (Chrono Boost)  
  15  0:39  Gateway  
  16  0:46  Probe (Chrono Boost)  
  16  0:47  Assimilator  
  17  0:51  Probe  
  18  1:03  Probe  
  19  1:15  Probe (Chrono Boost)  
  20  1:20  Assimilator  
  21  1:26  Probe (Chrono Boost)  
  21  1:34  Nexus  
  21  1:45  Cybernetics Core  
  21  1:48  Probe  
  22  2:00  Probe, Pylon  
  23  2:18  Stalker (Chrono Boost), Probe  
  23  2:21  Warp Gate  
  26  2:30  Probe  
  27  2:41  Stalker (Chrono Boost)  
  29  2:44  Stargate  
  29  2:54  Probe x2  
  31  3:06  Probe x2, Shield Battery  
  31  3:07  Stalker  
  34  3:12  Shield Battery  
  34  3:19  Void Ray (Chrono Boost)  
  34  3:25  Probe x2  
  39  3:37  Probe x2  
  41  3:48  Gateway  
  41  3:49  Probe x2  
  41  3:54  Pylon  
  43  3:58  Oracle  
  46  4:10  Shield Battery  
  46  4:12  Probe x2  
  46  4:16  Stalker  
  50  4:20  Twilight Council  
  50  4:24  Probe x2  
  50  4:31  Pylon  
  52  4:36  Probe (Chrono Boost)  
  52  4:37  Probe (Chrono Boost)  
  54  4:40  Assimilator  
  54  4:48  Probe x2 (Chrono Boost)  
  54  4:49  Adept x2  
  57  4:56  Probe  
  57  4:57  Probe  
  57  4:58  Shield Battery  
  55  5:04  Blink (Chrono Boost)  
  54  5:08  Probe  
  54  5:09  Probe  
  55  5:21  Probe (Chrono Boost)  
  55  5:24  Probe (Chrono Boost)  
  55  5:30  Sentry, Robotics Facility  
  55  5:31  Assimilator  
  55  5:32  Probe (Chrono Boost)  
  55  5:35  Gateway  
  59  5:36  Gateway, Probe (Chrono Boost)  
  59  5:37  Probe (Chrono Boost)  
  59  5:42  Sentry  
  62  5:49  Pylon  
  62  6:00  Probe x2  
  62  6:01  Nexus  
  62  6:02  Pylon  
  60  6:04  Adept  
  60  6:07  Adept  
  60  6:08  Shield Battery  
  64  6:12  Shield Battery  
  64  6:14  Probe x2  
  66  6:21  Immortal (Chrono Boost)  
  70  6:33  Sentry  
  70  6:34  Stalker x2  
  70  6:37  Pylon  
  76  6:41  Forge  
  76  6:45  Probe  
  76  6:46  Probe  
  78  6:58  Probe x2  
  80  7:03  Phoenix  
  80  7:04  Stalker x2  
  80  7:05  Stalker  
  80  7:06  Stalker  
  83  7:15  Probe x2 (Chrono Boost)  
  78  7:18  Protoss Ground Weapons Level 1 (Chrono Boost)  
  77  7:27  Probe x3 (Chrono Boost)  
  77  7:28  Observer  
  80  7:32  Probe x2 (Chrono Boost)  
  80  7:33  Probe  
  83  7:38  Robotics Bay  
  83  7:40  Robotics Facility  
  83  7:41  Pylon  
  83  7:43  Probe  
  83  7:44  Probe  
  85  7:45  Probe  
  85  7:48  Phoenix  
  86  7:57  Stalker x2  
  86  7:58  Stalker x2  
  94  8:05  Probe x3  
  96  8:11  Pylon  
  96  8:12  Pylon  
  97  8:19  Pylon  
  97  8:21  Pylon  
  97  8:26  Disruptor  
  100  8:32  Disruptor  
  103  8:34  Probe x2  
  103  8:35  Probe  
  106  8:42  Stalker x2  
  106  8:43  Stalker x2  
  106  8:47  Pylon  
  114  8:49  Pylon  
  114  8:51  Pylon  
  114  9:01  Disruptor (Chrono Boost)  
  113  9:17  Stalker x2  
  113  9:18  Stalker x2  
  113  9:20  Probe x3  
  113  9:22  Assimilator, Disruptor (Chrono Boost)  
  124  9:26  Assimilator  
  127  9:34  Warp Prism (Chrono Boost)  
  127  9:35  Gateway  
  127  9:36  Photon Cannon  
  127  9:37  Gateway  
  126  9:53  Stalker x4  
Tags
 
Add a new tag
Caveats
  • Supply blocks, unpowered buildings, or Contaminate may cause inaccurate times.
  • Supply counts are checked every 10 seconds.